 Dungeon Crawl Stone Soup version 0.19-a0-1008-g4c63d25 (webtiles) character file.

24 Gruud the Insei (level 2, 0/21 HPs)
             Began as a Demonspawn Transmuter on July 23, 2016.
             Slain by a worm (10 damage)
             ... on level 1 of the Dungeon.
             The game lasted 00:02:36 (1303 turns).

Gruud the Insei (Demonspawn Transmuter)             Turns: 1303, Time: 00:02:36

Health: 0/21       AC:  3    Str: 10    XL:     2   Next: 79%
Magic:  1/5        EV: 12    Int: 16    God:
Gold:   19         SH:  0    Dex: 13    Spells: 2 memorised, 2 levels left

rFire  . . .     SeeInvis .       - Unarmed
rCold  . . .     Gourm    .     b - +0 robe
rNeg   . . .     Faith    .     (no shield)
rPois  .         Spirit   .     (no helmet)
rElec  .         Dismiss  .     (no cloak)
rCorr  .         Reflect  .     (no gloves)
SustAt .         Harm     .     (no boots)
MR     .....                    (no amulet)
Stlth  +.........               (no ring)
                                f - +2 ring of intelligence

@: very slightly contaminated, not resistant to hostile enchantments, very
unstealthy
A: molten scales 1
a: no special abilities


You were on level 1 of the Dungeon.
You were hungry.

You visited 1 branch of the dungeon, and saw 1 of its levels.

You collected 19 gold pieces.

Inventory:

Hand Weapons
 e - a +1 whip of venom
Missiles
 a - 29 arrows
 j - 6 poisoned needles
Armour
 b - a +0 robe (worn)
Jewellery
 f - a +2 ring of intelligence (left hand)
Potions
 g - a potion of agility {unknown}
 h - 2 potions of heal wounds {unknown}
 i - a potion of ambrosia
Books
 c - a book of Changes

   Spells                             Type                      Level
   a - Beastly Appendage              Transmutation                1
   b - Sticks to Snakes               Transmutation                2
   c - Spider Form                    Transmutation/Poison         3
   d - Ice Form                       Ice/Transmutation            4
   e - Blade Hands                    Transmutation                5
Comestibles
 d - a bread ration
 k - 2 chunks of flesh


   Skills:
 - Level 1.0 Fighting
 - Level 1.7 Dodging
 * Level 3.7 Unarmed Combat
 - Level 2.0 Spellcasting
 - Level 1.7 Transmutations


You had 2 spell levels left.
You knew the following spells:

 Your Spells              Type           Power        Failure   Level  Hunger
a - Beastly Appendage     Tmut           #.....       12%         1    #......
b - Sticks to Snakes      Tmut           #.......     17%         2    ###....


Dungeon Overview and Level Annotations

Branches:
Dungeon (1/15)

Altars:


Innate Abilities, Weirdness & Mutations

You are partially covered in molten scales. (AC +1)


Message History

You create a snake!
You now have 29 arrows.
Casting: Sticks to Snakes
Confirm with . or Enter, or press ? or * to list all spells.
You miscast Sticks to Snakes.
You are very lightly contaminated with residual magic.
Multicoloured lights dance before your eyes!
Your horns disappear.
Your ball python bites the worm but does no damage.
Your ball python grabs the worm.
Your ball python constricts the worm.
The worm bites you!
You are feeling hungry.
You hit the worm.
The worm is lightly wounded.
Your ball python completely misses the worm.
Your ball python constricts the worm.
You hit the worm but do no damage.
The worm is lightly wounded.
Your ball python bites the worm.
Your ball python constricts the worm.
The worm bites you!
You die...

#. #.# #.# ##'##
##...## ##.....##
##.......##
###......@..####..
..'......Sw.......
###......###≈###..
##.....#)#≈#.#
##..###.#≈#.##
#...÷..#≈#....
#..###.#≈#.###
##...#.#≈#.#
##..###≈###


You could see a worm and a friendly ball python.

Vanquished Creatures
  An ooze (D:1)
  A dart slug (D:1)
  A giant gecko (D:1)
  3 bats (D:1)
  A giant cockroach (D:1)
  A goblin (D:1)
  3 hobgoblins (D:1)
  3 kobolds (D:1)
  A rat (D:1)
15 creatures vanquished.

Notes
Turn   | Place    | Note
-------+----------+-------------------------------------------
     0 | D:1      | Gruud the Demonspawn Transmuter began the quest for the Orb.
     0 | D:1      | Reached XP level 1. HP: 15/15 MP: 3/3
   392 | D:1      | Reached skill level 3 in Unarmed Combat
   687 | D:1      | Gained mutation: You are partially covered in molten scales. (AC +1) [demonic ancestry]
   687 | D:1      | Reached XP level 2. HP: 10/21 MP: 5/5
   691 | D:1      | Learned a level 2 spell: Sticks to Snakes
  1303 | D:1      | Slain by a worm

Vault maps used:
D:1:      scummos_arrival_simple_crosswalls, minivault_14, grunt_decor_cap

Skill      XL: |  1 |
---------------+----+-----
Unarmed Combat | 3 |  3.7
Fighting       | |  1.0
Dodging        | |  1.7
Spellcasting   | |  2.0
Transmutations | |  1.7

Action                   || total
-------------------------++-------
Melee: Unarmed           ||    56
       Whip              ||     6
       Kick              ||     4
       Headbutt          ||     1
 Cast: Beastly Appendage ||     8
       Sticks to Snakes  ||     1
  Use: Potion            ||     2
       Scroll            ||     1
 Stab: Sleeping          ||     2
  Eat: Chunk             ||     1
Armor: Robe              ||    10
Dodge: Dodged            ||    39
